 Dungeon Crawl Stone Soup version 0.31.0-32-g396128a36d (webtiles) character file.

Game seed: 14176076526968068868

54 Killerpretzel the Changeling (level 3, -4/24 HPs)
             Began as an Octopode Shapeshifter on Mar 8, 2024.
             Slain by Sigmund
             ... wielding a +0 scythe of protection
              (9 damage)
             ... on level 2 of the Dungeon.
             The game lasted 00:01:31 (1362 turns).

Killerpretzel the Changeling (OpSh)                 Turns: 1362, Time: 00:01:31

Health: -4/24      AC:  1    Str: 13    XL:     3   Next: 91%
Magic:  3/3        EV: 13    Int: 12    God:
Gold:   45         SH:  4    Dex: 13    Spells: 2/2 levels left

rFire   + .          .
                       - Unarmed
rCold   . . .        d - +0 buckler
rNeg    . . .        (helmet currently unavailable)
rPois   .            (no amulet)
rElec   .            f - ring of resist corrosion
rCorr   +            j - ring of protection from fire
SInv    .            (no ring)
Will    .....        (no ring)
Stlth   ++           (no ring)
HPRegen 0.24/turn    (no ring)
MPRegen 0.08/turn    (no ring)
                     (no ring)

%: no passive effects
@: beast-form
A: beast (slay +2), almost no armour, amphibious, 8 rings, camouflage 1,
gelatinous body 1, (nimble swimmer 1), tentacles
a: Begin Untransformation


You were on level 2 of the Dungeon.
You were a hulking beast.
You visited 1 branch of the dungeon, and saw 2 of its levels.

You collected 45 gold pieces.

Inventory:

Armour
 d - a +0 buckler (worn)
Jewellery
 f - a ring of resist corrosion (left tentacle)
 j - a ring of protection from fire (right tentacle)
Talismans
 b - a beast talisman
 c - a flux talisman
Scrolls
 e - a scroll of silence
 g - a scroll of enchant weapon
 i - a scroll of identify
Potions
 a - a potion of lignification
 h - a potion of degeneration {unknown}
 k - a potion of haste {unknown}


   Skills:
 + Level 1.7 Fighting
 + Level 2.4 Dodging
 + Level 0.4 Shields
 + Level 3.3 Unarmed Combat
 * Level 3.6 Shapeshifting


You had 2 spell levels left.
You didn't know any spells.
Your spell library contained the following spells:

 Spells                   Type           Power      Damage    Failure   Level
 Ensorcelled Hibernation  Hex/Ice        0%         N/A       56%         2
 Passwall                 Erth           0%         N/A       80%         3
 Stone Arrow              Conj/Erth      0%         3d7       80%         3
 Swiftness                Air            0%         N/A       80%         3
 Animate Dead             Necr           0%         N/A       99%         4
 Borgnjor's Vile Clutch   Necr/Erth      0%         N/A       100%        5
 Death Channel            Necr           0%         N/A       100%        6
 Lehudib's Crystal Spear  Conj/Erth      0%         10d2      100%        8
 Animate Armour           Summ/Erth      Unusable   N/A       N/A         4

Dungeon Overview and Level Annotations

Branches:
Dungeon (2/15)

Altars:

Annotations:
D:2 Sigmund


Innate Abilities, Weirdness & Mutations

You are a hulking beast.
Your limbs bulge with bestial killing power. (Slay +2)
You cannot wear most types of armour.
You are amphibious.
You can wear up to eight rings at the same time.
Your skin changes colour to match your surroundings (Stealth+).
Your rubbery body absorbs attacks. (AC +1, EV +1)
((You are camouflaged when in or above water. (Stealth+)))
You have tentacles for arms and can constrict up to eight enemies at once.


Message History

You constrict Sigmund. Sigmund casts a spell at you.
You are confused.
You tentacle-slap Sigmund.
You tentacle-slap Sigmund, but do no damage.
Sigmund is almost dead.
You constrict Sigmund, but do no damage.
Sigmund hits you with a +0 scythe of protection.
You tentacle-slap Sigmund. You squeeze Sigmund.
Sigmund is almost dead.
You constrict Sigmund, but do no damage.
You tentacle-slap Sigmund but do no damage.
Sigmund is almost dead.
You constrict Sigmund.
Sigmund points at you and mumbles some strange words.
You resist with significant effort.
You release your grip on Sigmund.
Sigmund casts a spell at you. The magic dart hits you.
You bump into the rock wall.
Sigmund gestures at you while chanting.
You are more confused.
Sigmund attacks as he pursues you! Sigmund closely misses you.
Sigmund hits you but does no damage.
Sigmund hits you with a +0 scythe of protection.
You completely miss Sigmund. You squeeze Sigmund, but do no damage.
Sigmund is almost dead.
Sigmund barely misses you.
You bump into the rock wall.
Sigmund gestures at you while chanting. The magic dart hits you!
* * * LOW HITPOINT WARNING * * *
You bump into the rock wall.
You feel less confused.
Sigmund mumbles some strange words.
Sigmund flickers and vanishes!
Deactivating autopickup; reactivate with Ctrl-A.
Okay, then.
Something hits you!
You die...

... #.# #..
## ..# .#
#.# .# #.#
.# #.#
.#.....# #.#
#{# .......#
#.# #h#
##.....# #.#
#.#
#.....###.##
#.#
#..........#
#.#
#..........#
#.#
#..........#
#.# ##
#........#
#.# .#
#.#####.##
#.# .###.#
#.# #.#


There were no monsters in sight!

Vanquished Creatures
  Natasha (D:2)
  A ribbon worm (D:2)
  3 endoplasms
  2 jackals (D:1)
  7 kobolds
  3 quokkas
  3 ball pythons (D:1)
  3 bats
  2 frilled lizards (D:1)
  A goblin (D:1)
  2 rats
28 creatures vanquished.

Notes
Turn   | Place    | Note
-------+----------+-------------------------------------------
     0 | D:1      | Killerpretzel the Octopode Shapeshifter began the quest for
                  | the Orb.
     0 | D:1      | Reached XP level 1. HP: 13/13 MP: 1/1
   201 | D:1      | Reached XP level 2. HP: 18/18 MP: 2/2
   451 | D:1      | Found a faded altar of an unknown god.
  1134 | D:2      | Noticed Natasha
  1135 | D:2      | Reached XP level 3. HP: 23/23 MP: 3/3
  1144 | D:2      | Killed Natasha
  1338 | D:2      | Noticed Sigmund
  1362 | D:2      | Slain by Sigmund

Illustrated notes

Levels and vault maps discovered:
D:1:      dpeg_arrival_chambers_temple_mockup, layout_basic,
          shapermc_ecumenical_altar_mp_vishouse
D:2:      layout_basic, uniq_natasha, uniq_jessica, uniq_sigmund

Action                     || total
---------------------------++-------
  Melee: Unarmed           ||    48
         Constrict         ||    11
         Tentacles         ||     9
         Punch             ||     2
  Throw: Stone             ||    16
    Use: Scroll            ||     7
   Stab: Sleeping          ||     6
 Armour: Skin              ||    22
  Dodge: Dodged            ||    25
  Block: Buckler           ||     1
